 Dungeon Crawl Stone Soup version 0.30-a0-867-g305f33218d (webtiles) character file.

Game seed: 1217642949535497591

45 demibob the Chopper (level 3, -3/26 HPs)
             Began as a Hill Orc Wanderer on Mar 10, 2023.
             Slain by Terence
             ... wielding a +0 flail
              (6 damage)
             ... on level 1 of the Dungeon.
             The game lasted 00:02:32 (1233 turns).

demibob the Chopper (Hill Orc Wanderer)             Turns: 1233, Time: 00:02:33

Health: -3/26      AC:  5    Str: 15    XL:     3   Next: 64%
Magic:  4/4        EV: 10    Int: 13    God:
Gold:   45         SH:  0    Dex: 10    Spells: 3/4 levels left

rFire   . . .      SeeInvis .    a - +0 hand axe
rCold   . . .      Faith    .    (no shield)
rNeg    . . .      Spirit   .    b - +0 ring mail
rPois   .          Reflect  .    (no helmet)
rElec   .          Rampage  .    (no cloak)
rCorr   .                        (no gloves)
Will    .....                    (no boots) Stlth
                                 (no amulet)
HPRegen 0.24/turn                (no ring)
MPRegen 0.09/turn                (no ring)

@: hasted, very quick
A: no striking features
a: no special abilities


You were on level 1 of the Dungeon.
You visited 1 branch of the dungeon, and saw 2 of its levels.

You collected 81 gold pieces.
You spent 36 gold pieces at shops.


   Skills:
 + Level 3.4 Axes
 - Level 2.4 Staves
 - Level 1.7 Throwing
 - Level 2.1 Armour
 - Level 1.0 Spellcasting
 - Level 2.4 Translocations


You had 3 spell levels left.
You knew the following spells:

 Your Spells              Type           Power      Damage    Failure   Level
a - Apportation           Tloc           12%        N/A       21%         1

Your spell library contained the following spells:

 Spells                   Type           Power      Damage    Failure   Level
 Lesser Beckoning         Tloc           12%        N/A       30%         2
 Cigotuvi's Dreadful Rot  Necr/Pois/Air  0%         N/A       63%         2
 Vhi's Electric Charge    Tloc/Air       6%         N/A       69%         3
 Dispel Undead            Necr           0%         3d6       99%         4
 Alistair's Intoxication  Tmut/Pois      0%         N/A       100%        5
 Borgnjor's Vile Clutch   Necr/Erth      0%         N/A       100%        5
 Death Channel            Necr           0%         N/A       100%        6
 Eringya's Noxious Bog    Tmut/Pois      0%         N/A       100%        6

Inventory:

Hand Weapons
 a - a +0 hand axe (weapon)
 h - a +0 quarterstaff
Armour
 b - a +0 ring mail (worn)
Jewellery
 F - a ring of protection from fire
Scrolls
 d - a scroll of teleportation {unknown}
 f - a scroll of amnesia
Potions
 e - a potion of might {unknown}
 k - a potion of haste {@q3}

Dungeon Overview and Level Annotations

Branches:
Dungeon (2/15)

Altars:
Cheibriados

Shops:
D:1 !

Annotations:
D:1 Terence

..#.#.#...##.........# ###.....
#.#.#.##.###.........# #...####
#.#.#.##.# #.........# #.### #
#.#.#.##.# #.........# ##.#
#.#.#.##.# #.........####..#
#.#...##.# ##........##...#######
#.##..##.# ##.......#..##.......
#.###.#..##########........######
.............#.@@........###
##♣♣♣.♣♣♣##....####.....## # ♣⌠♣
#...## ##....# ♣♣♣♣♣.♣♣♣♣♣...#
#....# ## ...⌠.<.⌠.....### #....#
#. ♣♣♣♣♣.♣♣♣♣♣....#
##....########. # ♣⌠♣
#..#.####..............
##♣♣♣.♣♣♣##..........#..########.
.............#######.#...#######.


You could see Terence.


Message History

You hit Terence but do no damage.
Terence is heavily wounded.
Terence looks scornfully at you. Terence closely misses you.
You hit Terence but do no damage.
Terence is heavily wounded.
Terence hits you with a +0 flail.
* * * LOW HITPOINT WARNING * * *
You are too injured to fight recklessly!
You hit Terence but do no damage.
Terence is heavily wounded.
You hit Terence but do no damage.
Terence is heavily wounded.
Terence hits you with a +0 flail.
* * * LOW HITPOINT WARNING * * *
You hit Terence.
Terence is severely wounded.
Terence hits you with a +0 flail.
* * * LOW HITPOINT WARNING * * *
You completely miss Terence.
Terence is severely wounded.
Terence hits you with a +0 flail.
* * * LOW HITPOINT WARNING * * *
Okay, then.
You hit Terence but do no damage.
Terence is severely wounded.
You barely miss Terence.
Terence is severely wounded.
Terence hits you with a +0 flail.
You die...

Skill      XL: |  1  2  3 |
---------------+----------+-----
Staves         | 2 |  2.4
Axes           | 2 3 |  3.4
Throwing       | |  1.7
Armour         | |  2.1
Spellcasting   | |  1.0
Translocations | |  2.4

Action                     || total
---------------------------++-------
  Melee: Quarterstaff      ||    58
         Hand axe          ||    75
    Use: Scroll            ||     4
         Potion            ||     4
 Armour: Ring mail         ||    53
  Dodge: Dodged            ||    56

Levels and vault maps discovered:
D:1:      scummos_arrival_forest, layout_rooms, chequers_ecumenical_altar_lobes,
          serial_shops, shop_fountains
D:2:      layout_loops_cross, basic_altar, minmay_misc_feat_doors,
          kennysheep_generic_room_12, uniq_terence

Notes
Turn   | Place    | Note
-------+----------+-------------------------------------------
     0 | D:1      | demibob the Hill Orc Wanderer began the quest for the Orb.
     0 | D:1      | demibob set off with the following items: a +0
                  | quarterstaff, a +0 ring mail, a potion of heal wounds
                  | {@q2}; and the following spell memorised: Apportation; and
                  | the following spells available to memorise: Lesser
                  | Beckoning, Vhi's Electric Charge.
     0 | D:1      | Reached XP level 1. HP: 14/14 MP: 2/2
    50 | D:1      | Reached skill level 2 in Staves
   125 | D:1      | Reached XP level 2. HP: 20/20 MP: 3/3
   152 | D:1      | Found a faded altar of an unknown god.
   277 | D:1      | Reached skill level 1 in Axes
   353 | D:1      | Found Joxowan's Distillery.
   361 | D:1      | Bought a potion of curing for 36 gold pieces
   418 | D:1      | Reached skill level 2 in Axes
   429 | D:1      | Reached XP level 3. HP: 26/26 MP: 4/4
   847 | D:2      | Reached skill level 3 in Axes
   996 | D:2      | Found a snail-covered altar of Cheibriados.
  1205 | D:2      | Noticed Terence
  1233 | D:1      | Slain by Terence

Vanquished Creatures
  A worm (D:2)
  5 endoplasms
  A giant cockroach (D:1)
  2 goblins
  3 hobgoblins
  9 jackals
  2 kobolds (D:1)
  3 quokkas
  4 ball pythons
  2 bats
  A frilled lizard (D:1)
  3 rats
36 creatures vanquished.

Table legend: (Time is in decaauts)
 A = Elapsed time spent in this place.
 B = Non-inter-level travel time spent in this place.
 C = Inter-level travel time spent in this place.
 D = Time resting spent in this place.
 E = Time spent auto-exploring this place.
 F = Levels seen in this place.
 G = Mean time per level.
                   A        B        C        D        E       F      G
               +--------+--------+--------+--------+--------+-----+--------+
         Total |   1244 |   1211 |     33 |      0 |    913 |   2 |  622.0 |
       Dungeon |   1244 |   1211 |     33 |      0 |    913 |   2 |  622.0 |
               +--------+--------+--------+--------+--------+-----+--------+

Top non-repeatable levels by time:
     D:2: 654 daAuts
     D:1: 590 daAuts

Table legend:
 A = Non-vault XP
 B = Vault XP
 C = Vault XP percentage of total XP
 D = Non-vault monster count
 E = Vault monster count
 F = Vault count percentage of total count
                 A         B        C        D         E       F
            +---------+---------+-------+---------+---------+-------
      Total |      60 |       5 |   7.7 |      35 |       1 |   2.8
            +---------+---------+-------+---------+---------+-------
        D:1 |      38 |       0 |   0.0 |      22 |       0 |   0.0
        D:2 |      22 |       5 |  18.5 |      13 |       1 |   7.1
            +---------+---------+-------+---------+---------+-------
